 Dungeon Crawl Stone Soup version 0.30-a0-325-gb515db48ae (console) character file.

Game seed: 5864278377015708655

109 Ignak the Trooper (level 4, -3/72 HPs)
             Began as an Ogre Warper on Oct 28, 2022.
             Succumbed to a kobold's poison
             ... on level 3 of the Dungeon.
             The game lasted 00:05:30 (2404 turns).

Ignak the Trooper (Ogre Warper)                     Turns: 2404, Time: 00:05:30

Health: -3/72      AC: 22    Str: 17    XL:     4   Next: 89%
Magic:  4/8        EV:  1    Int: 14    God:
Gold:   103        SH:  0    Dex:  8    Spells: 1/9 levels left

rFire   . . .      SeeInvis .    a - +0 mace
rCold   . . .      Faith    .    (no shield)
rNeg    . . .      Spirit   .    (body armour currently unavailable)
rPois   +          Reflect  .    (helmet currently unavailable)
rElec   .          Harm     .    (cloak currently unavailable)
rCorr   .          Rampage  .    (gloves unavailable)
Will    .....      NoTele   +    (boots unavailable)
Stlth   +.........               (no amulet)
HPRegen 0.32/turn                (no ring)
MPRegen 0.11/turn                (no ring)

@: lethally poisoned (-3 -> -26), tree-form, on blink cooldown, very slightly
contaminated
A: stationary, stasis, torment immunity, boosted hp, large, unfitting armour,
(tough skin 1)
a: no special abilities


You were on level 3 of the Dungeon.
You were a tree.
You visited 1 branch of the dungeon, and saw 3 of its levels.

You collected 103 gold pieces.

Inventory:

Hand Weapons
 a - a +0 mace (weapon)
Missiles
 d - 6 boomerangs of dispersal
 i - 7 poisoned darts (quivered)
Armour
 l - a +0 animal skin (melded)
Scrolls
 b - a scroll of immolation {unknown}
 c - 3 scrolls of blinking
 e - 2 scrolls of identify {unknown}
 h - a scroll of enchant weapon {unknown}
Potions
 f - a potion of mutation {unknown}
 g - a potion of curing {unknown}
 j - a potion of lignification
 k - a potion of haste {unknown}
 m - a potion of might {unknown}


   Skills:
 * Level 3.9 Fighting
 * Level 2.2 Maces & Flails
 + Level 1.7 Throwing
 + Level 2.5 Dodging
 + Level 0.4 Unarmed Combat
 + Level 3.1 Spellcasting
 + Level 3.1 Translocations


You had one spell level left.
You knew the following spells:

 Your Spells              Type           Power      Damage    Failure   Level
a - Teleport Other        Tloc           11%        N/A       17%         3
b - Blink                 Tloc           22%        N/A       9%          2
c - Vhi's Electric Charg  Tloc/Air       12%        N/A       32%         3

Your spell library contained the following spells:

 Spells                   Type           Power      Damage    Failure   Level
 Shock                    Conj/Air       8%         1d3       22%         1
 Slow                     Hex            8%         N/A       22%         1
 Lesser Beckoning         Tloc           22%        N/A       17%         3
 Static Discharge         Conj/Air       4%         2-3/arc   32%         2
 Manifold Assault         Tloc           11%        N/A       50%         4
 Confusing Touch          Hex            2%         N/A       54%         3
 Swiftness                Air            2%         N/A       54%         3
 Vampiric Draining        Necr           2%         2d6       54%         3
 Airstrike                Air            1%         2d(1-17)  91%         4
 Arcjolt                  Conj/Air       1%         1d11      99%         5
 Lightning Bolt           Conj/Air       1%         1d12      99%         5


Dungeon Overview and Level Annotations

Branches:
Dungeon (3/15)

Altars:


Innate Abilities, Weirdness & Mutations

You are a tree.
Your roots penetrate the ground, keeping you stationary.
You cannot be teleported.
You are immune to unholy pain and torment.
Your maximum health is greatly increased.
Your equipment is partially melded.
You are too large for most types of armour.
((You have tough skin. (AC +1)))


Message History

The kobold closely misses you.
You barely miss the kobold.
The kobold is severely wounded.
You feel very sick.
The kobold hits you with a +1 dagger of venom.
You are more poisoned.
You barely miss the kobold.
The kobold is severely wounded.
You feel very sick.
The kobold hits you with a +1 dagger of venom.
You are more poisoned.
You barely miss the kobold.
The kobold is severely wounded.
You feel very sick.
The kobold hits you with a +1 dagger of venom. x2
You are lethally poisoned!
Press: ? - help, v - describe, . - travel, g - get item
Here: a kobold, wielding a +1 dagger of venom and quivering stones (severely wounded)
Items here: )) ††.
The floor.
Unknown command.
Casting: Blink (safe; 9% risk of failure)
Confirm with . or Enter, or press ? or * to list all spells.
You miscast Blink.
You are very lightly contaminated with residual magic.
Nothing appears to happen.
* * * LOW HITPOINT WARNING * * *
You feel very sick.
The kobold hits you with a +1 dagger of venom.
* * * LOW HITPOINT WARNING * * *
You are more poisoned.
Casting: Blink (safe; 9% risk of failure)
Confirm with . or Enter, or press ? or * to list all spells.
You blink.
* * * LOW HITPOINT WARNING * * *
You feel extremely sick.
It was a potion of lignification.
You turn into a tree.
Your +0 animal skin melds into your body.
Your roots penetrate the ground.
You die...

###########
###.##......
#...##.....#
#.#.........
#.#.#.......
#####.)...####..
#....o..#.# #
##########.###)###.#
...........# #K###.#
.#########.###).♣..#
.# #.....##### .#
###.###.# .#
#.......# .#####
#######.# .....# ###
######


You could see a kobold.

Vanquished Creatures
  Robin (D:2)
  An adder (D:3)
  A worm (D:2)
  2 dart slugs
  5 orcs (D:3)
  5 bats
  7 endoplasms
  5 giant cockroaches
  9 goblins
  6 hobgoblins
  8 jackals
  3 quokkas
  2 ball pythons (D:1)
  3 frilled lizards
  5 kobolds
  4 rats
67 creatures vanquished.

Notes
Turn   | Place    | Note
-------+----------+-------------------------------------------
     0 | D:1      | Ignak the Ogre Warper began the quest for the Orb.
     0 | D:1      | Reached XP level 1. HP: 22/22 MP: 3/3
   320 | D:1      | Reached XP level 2. HP: 24/29 MP: 5/5
   425 | D:1      | Learned a level 2 spell: Blink
   856 | D:1      | Reached XP level 3. HP: 37/37 MP: 7/7
   860 | D:1      | Learned a level 3 spell: Teleport Other
  1570 | D:2      | Learned a level 3 spell: Vhi's Electric Charge
  1592 | D:2      | Reached XP level 4. HP: 43/45 MP: 8/8
  1911 | D:2      | Noticed Robin
  1940 | D:2      | Killed Robin
  2403 | D:3      | HP: 1/48 [poisoned by a kobold]
  2404 | D:3      | Succumbed to a kobold's poison

Illustrated notes

Levels and vault maps discovered:
D:1:      giann_forest_graveyard, layout_basic
D:2:      layout_loops_ring, serial_rivers, chequers_serial_rivers_small_3,
          chequers_serial_rivers_small_3, chequers_serial_rivers_room_a,
          chequers_serial_rivers_micro_d, minmay_3d_cube, uniq_robin
D:3:      layout_basic, minmay_misc_feat_rows, chequers_serial_rivers_micro_d

Skill      XL: |  1  2  3 |
---------------+----------+-----
Fighting       | 3 |  3.9
Maces & Flails | 2 |  2.2
Translocations | 3 |  3.1
Spellcasting   | 3 |  3.1
Throwing       | |  1.7
Dodging        | |  2.5
Unarmed Combat | |  0.4

Action                   |  1- 3 |  4- 6 || total
-------------------------+-------+-------++-------
Melee: Mace              |   161 |    59 ||   220
Throw: Boomerang         |     1 |       ||     1
       Dart              |       |    10 ||    10
 Cast: Blink             |     1 |     1 ||     2
  Use: Potion            |       |     1 ||     1
Armor: Robe              |    57 |     4 ||    61
       Animal skin       |       |     6 ||     6
Dodge: Dodged            |    94 |    33 ||   127

Table legend: (Time is in decaauts)
 A = Elapsed time spent in this place.
 B = Non-inter-level travel time spent in this place.
 C = Inter-level travel time spent in this place.
 D = Time resting spent in this place.
 E = Time spent auto-exploring this place.
 F = Levels seen in this place.
 G = Mean time per level.
                   A        B        C        D        E       F      G
               +--------+--------+--------+--------+--------+-----+--------+
         Total |   2475 |   2439 |     36 |    335 |   1164 |   3 |  825.0 |
       Dungeon |   2475 |   2439 |     36 |    335 |   1164 |   3 |  825.0 |
               +--------+--------+--------+--------+--------+-----+--------+

Top non-repeatable levels by time:
     D:1: 1175 daAuts
     D:2: 1005 daAuts
     D:3: 293 daAuts
